 Dungeon Crawl Stone Soup version 0.19.1-1-g22dce08 (webtiles) character file.

48206 theAP the Executioner (level 14, -3/135 HPs)
             Began as a Hill Orc Fighter on Jan 13, 2017.
             Was a Priest of Uskayaw.
             Killed from afar by a deep elf mage (6 damage)
             ... with a bolt of fire
             ... on level 14 of the Dungeon.
             The game lasted 00:41:41 (14250 turns).

theAP the Executioner (Hill Orc Fighter)           Turns: 14250, Time: 00:41:43

Health: -3/135     AC: 33    Str: 24      XL:     14   Next: 45%
Magic:  8/23       EV:  6    Int:  6      God:    Uskayaw [***...]
Gold:   232        SH:  7    Dex:  9 (10) Spells: 0 memorised, 13 levels left

rFire  + . .     SeeInvis .     B - +6 war axe (freeze)
rCold  + . .     Gourm    .     u - +3 plate armour {rPois}
rNeg   . . .     Faith    .     O - +3 buckler of Circular Logic {+Blink rElec Int-4 Slay+4}
rPois  +         Spirit   .     t - +2 helmet
rElec  +         Reflect  .     Y - +1 cloak
rCorr  .         Harm     .     c - +1 pair of gloves
MR     +....                    r - +2 pair of boots
Stlth  ..........               (no amulet)
                                Z - ring of Robustness {AC+8}
                                n - ring of poison resistance

@: liquid flames, glowing
A: talons 1, blink, clever 1, cold resistance 1, deterioration 1, fire
resistance 1, mutation resistance 1
a: Blink, Stomp, Line Pass, Renounce Religion, Evoke Blink


You were on level 14 of the Dungeon.
You worshipped Uskayaw.
Uskayaw was pleased with you.
You were near starving.

You visited 2 branches of the dungeon, and saw 15 of its levels.
You also visited: Labyrinth, Sewer and Ice Cave.

You collected 840 gold pieces.
You spent 608 gold pieces at shops.

Inventory:

Hand Weapons
 a - a +3 war axe
 B - a +6 war axe of freezing (weapon)
Armour
 c - a +1 pair of gloves (worn)
 d - the +2 ring mail of Heorulut {rN+ Stlth+}
   (You found it on level 13 of the Dungeon)

   It protects you from negative energy.
   It makes you more stealthy.
 r - a +2 pair of boots (worn)
 t - a +2 helmet (worn)
 u - a +3 plate armour of poison resistance (worn)
 O - the +3 buckler of Circular Logic (worn) {+Blink rElec Int-4 Slay+4}
   (You found it on level 11 of the Dungeon)

   It affects your intelligence (-4).
   It affects your accuracy and damage with ranged weapons and melee attacks
   (+4).
   It insulates you from electricity.
   It lets you blink.
 R - a +3 chain mail of magic resistance
 Y - a +1 cloak (worn)
Rods
 S - a +8 rod of clouds (12/12)
   (You took it off a minotaur in a labyrinth)
Jewellery
 g - an uncursed ring of protection from magic
 i - an uncursed ring of flight
 m - an uncursed ring of protection from fire
 n - a ring of poison resistance (left hand)
 p - a +2 ring of intelligence
 w - an uncursed ring of magical power {unknown}
 E - the ring of Vehumet's Hope {*Tele rF+ rC++ MP+9 Int-3 Stlth+}
   (You found it on level 9 of the Dungeon)

   [ring of teleportation]

   It may teleport you next to monsters.
   It affects your intelligence (-3).
   It protects you from fire.
   It greatly protects you from cold.
   It affects your magic capacity (+9).
   It makes you more stealthy.
 T - an uncursed ring of stealth
 Z - the ring of Robustness (right hand) {AC+8}
   (You took it off an orc on level 13 of the Dungeon)

   [ring of protection]

   It affects your AC (+8).
Wands
 l - a wand of random effects (16/48)
 y - a wand of heal wounds (3/9)
 I - a wand of paralysis (7/24)
 P - a wand of confusion (22/48)
 X - a wand of digging (9/24)
Scrolls
 e - 5 scrolls of identify
 v - 4 scrolls of remove curse
 x - 5 scrolls of teleportation
 A - a scroll of blinking
 D - a scroll of fog
 Q - 2 scrolls of fear
 W - a scroll of recharging {unknown}
Potions
 j - 2 potions of degeneration
 k - a potion of agility
 o - 6 potions of flight
 s - 4 potions of brilliance
 F - a potion of lignification
 H - a potion of resistance
 K - 3 potions of cancellation
Books
 z - a book of Maledictions

   Spells                             Type                      Level
   a - Corona                         Hexes                        1
   b - Ensorcelled Hibernation        Hexes/Ice                    2
   c - Confuse                        Hexes                        3
   d - Tukima's Dance                 Hexes                        3
   e - Dazzling Spray                 Conjuration/Hexes            3
 C - a book of Changes

   Spells                             Type                      Level
   a - Beastly Appendage              Transmutation                1
   b - Sticks to Snakes               Transmutation                2
   c - Spider Form                    Transmutation/Poison         3
   d - Ice Form                       Ice/Transmutation            4
   e - Blade Hands                    Transmutation                5
 M - Duajean's Volume of Ice and the Volcanoes
   (You found it on level 11 of the Dungeon)

   Spells                             Type                      Level
   a - Throw Frost                    Conjuration/Ice              2
   b - Throw Flame                    Conjuration/Fire             2
   c - Ice Form                       Ice/Transmutation            4
   d - Fireball                       Conjuration/Fire             5
 U - a book of Beasts

   Spells                             Type                      Level
   a - Summon Butterflies             Summoning                    1
   b - Call Canine Familiar           Summoning                    3
   c - Summon Ice Beast               Ice/Summoning                4
   d - Summon Mana Viper              Hexes/Summoning              5
   e - Summon Hydra                   Summoning                    7
 V - a book of Spatial Translocations

   Spells                             Type                      Level
   a - Blink                          Translocation                2
   b - Shroud of Golubria             Charms/Translocation         2
   c - Lesser Beckoning               Translocation                3
   d - Portal Projectile              Translocation                3
   e - Teleport Other                 Translocation                3
   f - Passage of Golubria            Translocation                4
Comestibles
 b - 3 fruits
 f - 4 bread rations
 h - 7 royal jellies
 q - 3 meat rations


   Skills:
 + Level 15.3 Fighting
 * Level 21.6 Axes
 - Level 3.5 Armour
 - Level 0.1 Dodging
 - Level 3.4 Shields
 + Level 13.0 Invocations


You had 13 spell levels left.
You didn't know any spells.

Dungeon Overview and Level Annotations

Branches:
Dungeon (14/15)            Temple (1/1) D:7            Lair (0/6) D:10
    Orc (0/2) D:12
 Vaults: D:13-14

Altars:
Ashenzari
Cheibriados
Dithmenos
Elyvilon
Fedhas
Gozag
Hepliaklqana
Nemelex Xobeh
Okawaru
Qazlal
Ru
Sif Muna
Uskayaw
Vehumet
Xom
Yredelemnul
Zin
The Shining One

Shops:
D:4 =   D:6 !   D:8 (   D:11 }*[

Annotations:
D:14 Yoshimo's ghost, journeyman OgMo


Innate Abilities, Weirdness & Mutations

You have sharp toenails.
You can translocate small distances at will.
Your mind is acute. (Int +2)
Your flesh is cold resistant. (rC+)
Your body sometimes deteriorates upon taking damage.
Your flesh is heat resistant. (rF+)
You are somewhat resistant to further mutation.


Message History

Uskayaw will force your foes to helplessly watch your dance.
Aiming: Line Pass
Press: ? - help, Dir - move target cursor
Okay, then.
You hit the two-headed ogre. You freeze the two-headed ogre.
The two-headed ogre is severely wounded.
You slash the deep elf mage! You freeze the deep elf mage.
You slash the gargoyle! You freeze the gargoyle.
You are covered in liquid flames!
* * * LOW HITPOINT WARNING * * *
Yoshimo's ghost seems less confused.
The gargoyle hurls a stone arrow at you.
The stone arrow hits you!
The ogre mage gestures wildly while chanting.
The ogre mage blinks!
The deep elf mage gestures at you while chanting.
The bolt of fire hits you! You resist.
You die...

#......#... ....
#......#... ....
#......#... #..# #
##.....#... #..# .
#.....#... #..##.
#......... #..#.#
.#.########
..##.#.9#)##..#.#
#...e.@W..)# #.#
###.#eO#.#####.#
..............###
......ยง.........#
###.#..#z#######.#
.......O. #[##
##.#..#.## #..#
#.#..#.# ##.## .
#. ##. #..#


You could see a skeletal warrior, an ogre mage, 2 deep elf magi, a two-headed
ogre, a gargoyle and Yoshimo's ghost.

Vanquished Creatures
  A frost giant (D:13)
  A very ugly thing (D:13)
  A stone giant (D:13)
  2 fire dragons (D:13)
  Josephine (D:10)
  A minotaur (Lab)
  A rakshasa (D:13)
  Harold (D:12)
  Erolcha (D:9)
  A great orb of eyes (D:14)
  A hydra (D:13)
  A catoblepas (D:13)
  Fannar (D:12)
  5 centaur warriors
  A tengu warrior (D:12)
  The ghost of ReniFell the Cleaver, a novice HOFi of Makhleb (D:8)
  5 skeletal warriors (D:14)
  An unseen horror (D:11)
  An orange crystal statue (D:11)
  Pikel (D:9)
  8 hill giants
  2 deep elf magi
  An orc knight (D:14)
  6 ugly things
  4 cyclopes (D:13)
  An ice statue (D:9)
  2 gargoyles
  3 centaur skeletons
  A kobold demonologist (D:14)
  A meliai (D:13)
  A tengu conjurer (D:12)
  4 trolls
  A wind drake (shapeshifter) (D:9)
  A queen bee (D:8)
  3 slime creatures (D:12)
  2 two-headed ogres
  3 hippogriffs
  A redback (Lab)
  4 wraiths
  3 shadows
  Grum (D:9)
  3 steam dragons
  10 yaks
  8 vampire mosquitoes
  3 hungry ghosts
  3 basilisks
  4 wargs (D:12)
  A soldier ant (D:12)
  6 sky beasts
  Purgy (Sewer)
  7 orc warriors
  4 slaves (D:9)
  A black bear (D:11)
  An eye of draining (D:13)
  11 ice beasts
  3 phantoms
  2 wolves (D:9)
  13 ogres
  8 centaurs
  A crocodile (D:9)
  2 big kobolds
  4 bullfrogs
  A gnoll sergeant (D:9)
  A wyvern zombie (D:12)
  4 scorpions
  3 wyvern skeletons (D:14)
  18 killer bees
  9 wights (D:14)
  3 electric eels
  5 howler monkeys
  5 crimson imps
  5 hounds
  6 jellies
  A bullfrog skeleton (D:7)
  6 bullfrog zombies
  11 orc priests
  Crazy Yiuf (D:2)
  Jessica (D:8)
  Ijyb (D:3)
  Terence (D:3)
  3 iguanas
  Natasha (thrice) (D:3)
  13 orc wizards
  8 worker ants
  A hound zombie (D:5)
  Robin (D:3)
  2 worker ant zombies
  6 gnolls
  11 adders
  2 oozes
  3 adder skeletons
  2 adder zombies
  5 worms
  A dart slug (D:1)
  6 leopard geckos
  65 orcs
  4 ball pythons
  6 giant cockroaches
  18 hobgoblins
  6 jackals (D:1)
  12 kobolds
  7 quokkas
  4 bats
  10 frilled lizards
  15 goblins
  2 jackal zombies
  A leopard gecko skeleton (D:5)
  A leopard gecko zombie (D:5)
  3 rats
  4 bushes (D:14)
  4 plants
489 creatures vanquished.

Vanquished Creatures (others)
  A centaur (D:5)
  A scorpion (D:5)
  An iguana (D:5)
  A worker ant (D:5)
  A leopard gecko (D:5)
  A fungus (D:6)
  2 plants
8 creatures vanquished.

Grand Total: 497 creatures vanquished

Notes
Turn   | Place    | Note
-------+----------+-------------------------------------------
     0 | D:1      | theAP the Hill Orc Fighter began the quest for the Orb.
     0 | D:1      | Reached XP level 1. HP: 19/19 MP: 1/1
    70 | D:1      | Reached XP level 2. HP: 27/27 MP: 2/2
   160 | D:1      | Reached skill level 3 in Axes
   235 | D:1      | Reached XP level 3. HP: 33/33 MP: 3/3
   457 | D:2      | Found a sacrificial altar of Ru.
   762 | D:2      | Found a faded altar of an unknown god.
   762 | D:2      | Found a basalt altar of Yredelemnul.
   765 | D:2      | Reached skill level 4 in Axes
   769 | D:2      | Found a faded altar of an unknown god.
   771 | D:2      | Found a faded altar of an unknown god.
   772 | D:2      | Found a faded altar of an unknown god.
   929 | D:2      | Found a glowing silver altar of Zin.
   931 | D:2      | Found a radiant altar of Vehumet.
   931 | D:2      | Found a glowing golden altar of the Shining One.
   933 | D:2      | Found a white marble altar of Elyvilon.
   937 | D:2      | Found a shadowy altar of Dithmenos.
  1044 | D:2      | Found a runed door.
  1108 | D:2      | Found a stormy altar of Qazlal.
  1120 | D:2      | Reached XP level 4. HP: 41/41 MP: 4/4
  1357 | D:2      | Noticed Crazy Yiuf
  1362 | D:2      | Killed Crazy Yiuf
  1453 | D:3      | Noticed Ijyb
  1460 | D:3      | Killed Ijyb
  1460 | D:3      | Reached skill level 5 in Fighting
  1460 | D:3      | Reached skill level 5 in Axes
  1460 | D:3      | Reached XP level 5. HP: 42/48 MP: 5/5
  1545 | D:3      | Noticed Natasha
  1548 | D:3      | Noticed Robin
  1556 | D:3      | Killed Natasha
  1567 | D:3      | Killed Robin
  1678 | D:3      | Noticed Natasha
  1685 | D:3      | Killed Natasha
  1685 | D:3      | Reached skill level 6 in Axes
  1685 | D:3      | Reached XP level 6. HP: 35/56 MP: 6/6
  1700 | D:3      | Noticed Terence
  1703 | D:3      | Noticed Natasha
  1712 | D:3      | Killed Natasha
  1712 | D:3      | Killed Terence
  1766 | D:3      | Found a glowing drain.
  1793 | Sewer    | Entered a sewer
  1867 | Sewer    | Noticed Purgy
  1882 | Sewer    | Killed Purgy
  1882 | Sewer    | Reached skill level 7 in Axes
  2332 | D:4      | Reached XP level 7. HP: 63/63 MP: 7/7
  2417 | D:4      | Reached skill level 8 in Axes
  2729 | D:4      | Found Deamewi's Jewellery Shop.
  2765 | D:4      | Reached skill level 9 in Axes
  2929 | D:5      | Entered Level 5 of the Dungeon
  2945 | D:5      | Reached XP level 8. HP: 73/73 MP: 8/8
  2957 | D:5      | Reached skill level 10 in Axes
  3207 | D:5      | Found a shimmering altar of Xom.
  3216 | D:5      | Reached skill level 11 in Axes
  3657 | D:5      | Noticed a hippogriff
  3671 | D:5      | Killed a hippogriff
  3787 | D:6      | Reached XP level 9. HP: 53/82 MP: 9/9
  3860 | D:6      | Found Ruunupp's Distillery.
  3928 | D:6      | Reached skill level 12 in Axes
  3992 | D:6      | Found a snail-covered altar of Cheibriados.
  3995 | D:6      | You fall through a shaft for 2 floors!
  3995 | D:8      | Noticed ReniFell's ghost (novice HOFi)
  4030 | D:8      | Killed ReniFell's ghost
  4030 | D:8      | Reached skill level 13 in Axes
  4436 | D:6      | Reached skill level 10 in Fighting
  4436 | D:6      | Reached skill level 14 in Axes
  4754 | D:7      | Reached XP level 10. HP: 93/93 MP: 10/10
  4869 | D:7      | Gained mutation: Your flesh is cold resistant. (rC+) [potion of mutation]
  4869 | D:7      | Gained mutation: Your body sometimes deteriorates upon taking damage. [potion of mutation]
  4869 | D:7      | Gained mutation: Your mind is acute. (Int +2) [potion of mutation]
  4931 | D:7      | Found a staircase to the Ecumenical Temple.
  5035 | Temple   | Entered the Ecumenical Temple
  5112 | Temple   | Became a worshipper of Uskayaw the Reveler
  5213 | D:8      | Reached * piety under Uskayaw
  5216 | D:8      | Reached ** piety under Uskayaw
  5282 | D:8      | Reached *** piety under Uskayaw
  5295 | D:8      | Reached **** piety under Uskayaw
  5299 | D:8      | Reached ***** piety under Uskayaw
  5312 | D:8      | Reached ****** piety under Uskayaw
  5324 | D:8      | Reached skill level 1 in Invocations
  5555 | D:8      | Reached skill level 15 in Axes
  5762 | D:8      | Found Beang's Weapon Emporium.
  5766 | D:8      | Bought a +2 war axe of freezing for 237 gold pieces
  5798 | D:8      | Noticed Jessica
  5806 | D:8      | Killed Jessica
  5810 | D:8      | Found a deep blue altar of Sif Muna.
  5943 | D:8      | Found an iron altar of Okawaru.
  6089 | D:9      | Noticed an ice statue
  6165 | D:9      | Noticed Erolcha
  6181 | D:9      | Killed Erolcha
  6319 | D:9      | Got a glittering tin ring
  6461 | D:9      | Gained mutation: You are somewhat resistant to further mutation. [mutagenic meat]
  6463 | D:9      | Gained mutation: You have sharp toenails. [mutagenic meat]
  6464 | D:9      | Gained mutation: Your flesh is heat resistant. (rF+) [mutagenic meat]
  6985 | D:9      | Noticed Pikel
  7002 | D:9      | Killed Pikel
  7002 | D:9      | Reached skill level 16 in Axes
  7002 | D:9      | Reached skill level 5 in Invocations
  7002 | D:9      | Reached XP level 11. HP: 88/102 MP: 14/14
  7003 | D:9      | Noticed a hill giant
  7011 | D:9      | Killed a hill giant
  7051 | D:9      | Noticed Grum
  7064 | D:9      | Killed Grum
  7888 | D:10     | Entered Level 10 of the Dungeon
  7888 | D:10     | Noticed Josephine
  7901 | D:10     | Killed Josephine
  7979 | D:10     | Reached skill level 17 in Axes
  8204 | D:10     | Found a staircase to the Lair.
  8941 | D:10     | Noticed a hill giant
  8953 | D:10     | Killed a hill giant
  9057 | D:11     | Noticed a hill giant
  9066 | D:11     | Killed a hill giant
  9087 | D:11     | Found a shadowy altar of Dithmenos.
  9168 | D:11     | Found a frozen archway.
  9186 | IceCv    | Entered an ice cave
  9186 | IceCv    | Noticed a white ugly thing
  9197 | IceCv    | Killed a white ugly thing
  9197 | IceCv    | Reached XP level 12. HP: 78/113 MP: 17/17
  9244 | D:11     | Found Gede's Gadget Shop.
  9314 | D:11     | Reached skill level 18 in Axes
  9677 | D:11     | Identified the ring of Vehumet's Hope {*Tele rF+ rC++ MP+9 Int-3 Stlth+} (You found it on level 9 of the Dungeon)
  9718 | D:11     | Got a heavily runed buckler
  9729 | D:11     | Identified the +3 buckler of Circular Logic {+Blink rElec Int-4 Slay+4} (You found it on level 11 of the Dungeon)
  9736 | D:11     | Identified Duajean's Volume of Ice and the Volcanoes
  9796 | D:11     | Found Kuiduokk's Armour Shop.
  9814 | D:11     | Bought a +3 chain mail of magic resistance for 371 gold pieces
  9930 | D:11     | Found Ruwnelepru's General Store.
 10485 | D:12     | Found a labyrinth entrance.
 10532 | Lab      | Entered a labyrinth
 10660 | Lab      | Noticed a minotaur
 10669 | Lab      | Killed a minotaur
 10714 | D:12     | Noticed Fannar
 10726 | D:12     | Killed Fannar
 10726 | D:12     | Reached skill level 19 in Axes
 11020 | D:12     | Found a staircase to the Orcish Mines.
 11045 | D:12     | Gained mutation: You can translocate small distances at will. [mutagenic meat]
 11066 | D:12     | Noticed a tengu warrior
 11069 | D:12     | Killed a tengu warrior
 11069 | D:12     | Reached skill level 10 in Invocations
 11185 | D:12     | Noticed Harold
 11199 | D:12     | Killed Harold
 11199 | D:12     | Reached XP level 13. HP: 87/122 MP: 20/20
 11402 | D:12     | Found a white marble altar of Elyvilon.
 11889 | D:13     | Identified a +8 rod of clouds (12/12) (You took it off a minotaur in a labyrinth)
 11902 | D:13     | Noticed a brown very ugly thing
 11912 | D:13     | Killed a brown very ugly thing
 11961 | D:13     | Reached skill level 20 in Axes
 12198 | D:13     | Noticed a frost giant
 12198 | D:13     | Noticed a fire dragon
 12203 | D:13     | Noticed a stone giant
 12210 | D:13     | Killed a stone giant
 12210 | D:13     | Killed a frost giant
 12211 | D:13     | Killed a fire dragon
 12228 | D:13     | Got a pitted ring mail
 12239 | D:13     | Identified the +2 ring mail of Heorulut {rN+ Stlth+} (You found it on level 13 of the Dungeon)
 12308 | D:13     | Noticed a fire dragon
 12323 | D:13     | Killed a fire dragon
 13034 | D:13     | Noticed a rakshasa
 13073 | D:13     | Killed a rakshasa
 13073 | D:13     | Reached XP level 14. HP: 55/133 MP: 2/23
 13098 | D:13     | Reached skill level 21 in Axes
 13747 | D:14     | Reached skill level 15 in Fighting
 14229 | D:14     | Noticed Yoshimo's ghost (journeyman OgMo)
 14248 | D:14     | HP: 5/135 [ogre/giant club (15)]
 14250 | D:14     | HP: 2/135 [burnt (2)]
 14250 | D:14     | Killed from afar by a deep elf mage

Skill      XL: |  1  2  3  4  5  6  7  8  9 10 11 12 13 14 |
---------------+-------------------------------------------+-----
Fighting       | 4 5 6 7 8 10 11 12 13 14 15 | 15.3
Axes           | 3 4 5 6 7 9 11 14 16 17 19 20 21 | 21.6
Invocations    | 5 7 10 12 13 | 13.0
Armour         | |  3.5
Dodging        | |  0.1
Shields        | |  3.4

Action                   |  1- 3 |  4- 6 |  7- 9 | 10-12 | 13-15 || total
-------------------------+-------+-------+-------+-------+-------++-------
Melee: War axe           |   110 |   148 |   252 |   571 |   333 ||  1414
Invok: Stomp             |       |       |       |     4 |     6 ||    10
       Line Pass         |       |       |       |     1 |     3 ||     4
 Abil: Evoke Flight      |       |     1 |       |     1 |       ||     2
       Evoke Blink       |       |       |       |     1 |       ||     1
  Use: Scroll            |       |    12 |     4 |     7 |     8 ||    31
       Potion            |       |     2 |     1 |     5 |     4 ||    12
 Stab: Paralysed         |       |       |       |    65 |    39 ||   104
       Confused          |       |       |       |     1 |     1 ||     2
       Petrified         |       |       |       |       |     4 ||     4
       Petrifying        |       |       |       |       |     1 ||     1
  Eat: Chunk             |       |     5 |     4 |    21 |    11 ||    41
       Royal jelly       |       |       |     2 |       |       ||     2
       Bread ration      |       |       |       |     1 |       ||     1
       Fruit             |       |       |       |     1 |       ||     1
       Meat ration       |       |       |       |     1 |     1 ||     2
       Beef jerky        |       |       |       |     1 |       ||     1
       Pizza             |       |       |       |       |     1 ||     1
Armor: Scale mail        |    42 |    93 |   138 |   194 |       ||   467
       Chain mail        |       |       |       |    38 |    28 ||    66
       Plate armour      |       |       |       |       |   193 ||   193
Dodge: Dodged            |    43 |    38 |    58 |   129 |    58 ||   326
Block: Shield            |    70 |   106 |   113 |   189 |       ||   478
       Buckler           |       |       |       |    17 |    77 ||    94
